cohdb
Replays
Latest Replays
All Replays
Popular Replays
Top Player Replays
Match Explorer
How It Works
Community
CoH3 Stats
Reddit
Sign in to upload your games and track your stats! →
Sign in with Steam
Match 43875220
Unlisted
Match 43875220
Overview
Messages
Build Orders
End
Pioneer Squad
Construct Infanterie Kompanie
Selects Breakthrough Battlegroup
Grenadier Squad
Grenadier Squad
MG 42 Machine Gun Team
Grenadier Squad
Infanterie Officer Quarters
Construct Panzergrenadier Kompanie
Panzergrenadier Squad
Selects Assault Grenadiers
Selects Rapid Production
251 Medium Carrier
Pak 40 Anti-tank Gun Team
Support Elements
Nebelwerfer 42 Rocket Launcher Team
Selects Blitzkrieg
StuG III G Assault Gun
Panzergrenadier Officer Quarters
Pioneer Squad
StuG III G Assault Gun
Medical Station
Nebelwerfer 42 Rocket Launcher Team
Side Skirts
Selects Tiger Heavy Tank
Tiger Heavy Tank
251 Medium Carrier
Selects Breakthrough
Breakthrough
Selects Incendiary Bombing Run
Big Bear
KoVAC
YangXYZ
smug_master
Ray
DarkBlaze
0
0
Comments
sign in to comment!
No comments posted yet!